 Dungeon Crawl Stone Soup version 0.23.2-1-ga50397a (webtiles) character file.

Game seed: 4296815972447165515

16352 xveg the Whirler (level 12, -3/90 HPs)
             Began as a Halfling Hunter on May 9, 2019.
             Was an Initiate of Gozag.
             Slain by Frank's ghost (4 damage)
             ... on level 1 of the Lair of Beasts.
             The game lasted 00:32:55 (12406 turns).

xveg the Whirler (Halfling Hunter)                 Turns: 12406, Time: 00:33:02

Health: -3/90      AC: 17    Str: 21    XL:     12   Next: 69%
Magic:  14/14      EV: 19    Int:  9    God:    Gozag
Gold:   1820       SH:  0    Dex: 23    Spells: 14/14 levels left

rFire    . . .     SeeInvis .   a - +4 hunting sling
rCold    . . .     Gourm    +   (shield restricted)
rNeg     . . .     Faith    .   d - +5 scale mail
rPois    +         Spirit   .   e - +0 helmet
rElec    .         Reflect  .   S - +1 cloak
rCorr    .         Harm     .   (no gloves)
MR       .....                  (no boots)
Stlth    +.........             j - amulet of the gourmand
HPRegen  0.25/turn              C - +3 ring of evasion
MPRegen  0.14/turn              N - ring "Risiari" {*Contam rPois Str+4 Dex+7}

@: no status effects
A: small, mutation resistance 1
a: Potion Petition, Call Merchant, Bribe Branch, Renounce Religion


You were on level 1 of the Lair of Beasts.
You worshipped Gozag.
Gozag was most pleased with you.
You were not hungry.

You visited 3 branches of the dungeon, and saw 13 of its levels.

You collected 2427 gold pieces.
You spent 534 gold pieces at shops.
You paid 73 gold pieces to Gozag.

Inventory:

Hand Weapons
 a - a +4 hunting sling (weapon)
 b - a +0 short sword
 L - a +2 falchion of protection
 T - the cursed +3 dagger of Action {antimagic, Str+4}
   (You found it on level 1 of the Lair of Beasts)

   It reduces the magical energy of the wielder, and disrupts the spells and
   magical abilities of those hit.
   Natural abilities and divine invocations are not affected.
   It affects your strength (+4).
   It has a curse placed upon it.
Missiles
 i - 219 stones
 F - 17 sling bullets (quivered)
Armour
 c - a +0 leather armour
 d - a +5 scale mail (worn)
 e - a +0 helmet (worn)
 n - a +0 cloak
 t - a +0 large shield
 S - a +1 cloak (worn)
Magical Staves
 s - an uncursed staff of power
 P - an uncursed staff of energy
Jewellery
 j - an amulet of the gourmand (around neck)
 m - an uncursed ring of see invisible
 w - a +3 ring of evasion
 z - a cursed amulet of inaccuracy
 A - a cursed ring of teleportation
 C - a +3 ring of evasion (left hand)
 M - an uncursed ring of magical power
 N - the ring "Risiari" (right hand) {*Contam rPois Str+4 Dex+7}
   (You bought it in a shop on level 8 of the Dungeon)

   [ring of poison resistance]

   It affects your strength (+4).
   It affects your dexterity (+7).
   It protects you from poison.
   It causes magical contamination when unequipped.
Wands
 v - a wand of paralysis (15)
 B - a wand of digging (5)
Scrolls
 g - 3 scrolls of fear
 h - a scroll of blinking
 k - 7 scrolls of remove curse
 l - 4 scrolls of identify
 u - a scroll of magic mapping
 y - a scroll of immolation
 O - 2 scrolls of teleportation
 R - a scroll of vulnerability
Potions
 o - a potion of degeneration {unknown}
 p - a potion of mutation {unknown}
 q - 2 potions of might {unknown}
 r - 3 potions of brilliance {unknown}
 x - a potion of haste {unknown}
 D - a potion of resistance {unknown}
 E - a potion of experience {unknown}
 I - 3 potions of curing
 J - 2 potions of agility
 K - 2 potions of magic {unknown}
Miscellaneous
 Q - a lamp of fire
Comestibles
 f - 13 rations


   Skills:
 + Level 11.2 Fighting
 + Level 0.6 Short Blades
 * Level 2.4 Staves
 - Level 17.2 Slings
 * Level 8.3 Armour
 + Level 4.7 Dodging
 - Level 2.2 Stealth
 * Level 1.5 Spellcasting


You had 14 spell levels left.
You didn't know any spells.
Your spell library contained the following spells:

 Spells                   Type           Power        Failure   Level  Hunger
 Summon Butterflies       Summ           #.......     63%         1    ##.....
 Call Canine Familiar     Summ           #.......     94%         3    ####...
 Cause Fear               Hex            #.........   100%        4    #####..
 Summon Ice Beast         Ice/Summ       #.......     100%        4    #####..
 Silence                  Hex/Air        #.........   100%        5    ######.
 Summon Mana Viper        Hex/Summ       #.......     100%        5    ######.
 Yara's Violent Unravell  Hex/Tmut       #.........   100%        5    ######.
 Deflect Missiles         Chrm/Air       #.........   100%        6    #######
 Summon Hydra             Summ           #.........   100%        7    #######
 Discord                  Hex            #.........   100%        8    #######


Dungeon Overview and Level Annotations

Branches:
Dungeon (11/15)            Temple (1/1) D:5            Lair (1/6) D:11
    Orc (0/2) D:10

Altars:
Ashenzari
Cheibriados
Dithmenos
Elyvilon
Fedhas
Gozag
Hepliaklqana
Kikubaaqudgha
Makhleb
Nemelex Xobeh
Okawaru
Qazlal
Ru
Sif Muna
Trog
Uskayaw
Vehumet
Wu Jian
Xom
Yredelemnul
Zin
The Shining One

Shops:
D:8 =

Portals:
Trove: D:10 (give 2 scrolls of acquirement)

Annotations:
Lair:1 Frank's ghost, journeyman OpFi


Innate Abilities, Weirdness & Mutations

You are small and have problems with some larger weapons.
You are somewhat resistant to further mutation.


Message History

The ten-headed hydra misses you. The ten-headed hydra barely misses you.
The ten-headed hydra bites you but does no damage. x2
The ten-headed hydra bites you!
* * * LOW HITPOINT WARNING * * *
The ten-headed hydra closely misses you.
You feel much better.
The nine-headed hydra closely misses you.
The nine-headed hydra bites you!
* * * LOW HITPOINT WARNING * * *
The nine-headed hydra bites you.
* * * LOW HITPOINT WARNING * * *
The nine-headed hydra bites you!
* * * LOW HITPOINT WARNING * * *
The nine-headed hydra bites you but does no damage. x2
The nine-headed hydra barely misses you.
The nine-headed hydra closely misses you.
The nine-headed hydra barely misses you.
Frank's ghost hits you.
You die...
Your body crumbles into a pile of gold.

#..##.#...###.######
##.P
#.#.####...#.#.>...###
##. ##...#
##>..#........## #..
.....#
##............## ##.
.....# ##............#
#.. .....#
#..§§....§...# #..
#....# ####§§§.§...##
#.# ##...#
##♣♣≈##§§§.....# ###
#...# #≈..§§#@§§.....#
### #...#
(....§WDD§.....# ##.#
#..## ♣..§.§§§§§....##
#P.. #)..#
♣..§.§§§§§...## ##..
#...# #..[..#..§..##
#.. #...##
##♣♣≈##.###.# ###..
#....## ###### ###
#.... #.....## ##....
###....### #....#


You could see a ten-headed hydra, a nine-headed hydra and Frank's ghost.

Vanquished Creatures
  Snorg (D:10)
  Harold (D:7)
  A two-headed ogre (D:10)
  Nergalle (D:10)
  2 unseen horrors
  The ghost of beigtais the Thaumaturge, a novice DsWz of Vehumet (D:9)
  A deep elf mage (D:9)
  3 oklob plants (Lair:1)
  A spectral centaur (D:9)
  Joseph (D:10)
  Psyche (D:11)
  A komodo dragon (D:11)
  A hippogriff (D:10)
  A shadow (D:11)
  5 yaks (D:10)
  Eustachio (D:6)
  2 water moccasins
  A spectral hornet (D:9)
  4 orc warriors
  A black bear (D:6)
  4 ice beasts
  A necrophage (D:8)
  13 ogres
  3 phantoms
  5 wolves (Lair:1)
  13 centaurs
  2 crocodiles (Lair:1)
  A big kobold (D:8)
  A spectral wyvern (D:9)
  6 bullfrogs
  A wyvern zombie (D:6)
  4 scorpions
  A hornet simulacrum (D:9)
  11 killer bees (D:8)
  14 wights
  A howler monkey (D:6)
  6 crimson imps
  A bullfrog zombie (D:9)
  2 centaur zombies
  5 orc priests
  9 jellies
  5 hounds
  A bullfrog skeleton (D:7)
  20 orc wizards
  2 iguanas
  11 worker ants
  2 hound zombies
  A hound skeleton (D:4)
  3 worker ant zombies
  A howler monkey zombie (D:8)
  5 gnolls
  12 adders
  4 shadow imps
  3 adder skeletons
  4 worms
  A dart slug (D:1)
  9 leopard geckos
  38 orcs
  A ball python (D:3)
  9 bats
  8 giant cockroaches
  4 goblins
  8 hobgoblins
  11 jackals
  13 kobolds
  3 quokkas
  4 frilled lizards
  A jackal zombie (D:6)
  A leopard gecko zombie (D:5)
  A quokka zombie (D:6)
  11 rats
  A spectral orc (D:9)
  A plant (Lair:1)
334 creatures vanquished.

Vanquished Creatures (others)
  6 plants
6 creatures vanquished.

Grand Total: 340 creatures vanquished

Notes
Turn   | Place    | Note
-------+----------+-------------------------------------------
     0 | D:1      | xveg the Halfling Hunter began the quest for the Orb.
     0 | D:1      | Reached XP level 1. HP: 14/14 MP: 1/1
   192 | D:1      | Reached skill level 6 in Slings
   225 | D:1      | Reached XP level 2. HP: 16/19 MP: 2/2
   615 | D:1      | Reached XP level 3. HP: 16/24 MP: 3/3
   748 | D:1      | Reached skill level 7 in Slings
   999 | D:2      | Reached XP level 4. HP: 29/29 MP: 4/4
  1545 | D:3      | Reached skill level 8 in Slings
  1545 | D:3      | Reached XP level 5. HP: 34/34 MP: 5/5
  1552 | D:3      | Found a glowing golden altar of the Shining One.
  2166 | D:3      | Reached skill level 9 in Slings
  2166 | D:3      | Reached XP level 6. HP: 19/41 MP: 6/6
  2515 | D:4      | Noticed an ice beast
  2527 | D:4      | Killed an ice beast
  2555 | D:4      | Noticed a phantom
  2602 | D:4      | Reached XP level 7. HP: 24/45 MP: 7/7
  2611 | D:4      | Reached skill level 10 in Slings
  2778 | D:4      | Reached skill level 11 in Slings
  3202 | D:4      | Reached XP level 8. HP: 52/52 MP: 8/8
  3260 | D:5      | Entered Level 5 of the Dungeon
  3398 | D:5      | Reached skill level 12 in Slings
  3689 | D:5      | Found a staircase to the Ecumenical Temple.
  3715 | Temple   | Entered the Ecumenical Temple
  3869 | Temple   | Became a worshipper of Gozag Ym Sagoz the Greedy
  4200 | D:6      | Reached XP level 9. HP: 59/59 MP: 9/9
  4254 | D:6      | Reached skill level 13 in Slings
  4316 | D:6      | Reached skill level 5 in Fighting
  4413 | D:6      | Noticed Eustachio
  4431 | D:6      | Killed Eustachio
  4841 | D:6      | Reached skill level 14 in Slings
  5748 | D:7      | Reached XP level 10. HP: 69/69 MP: 10/10
  6039 | D:7      | Found an iron altar of Okawaru.
  6148 | D:7      | Noticed Harold
  6174 | D:7      | Killed Harold
  6174 | D:7      | Reached skill level 15 in Slings
  6174 | D:7      | Reached skill level 5 in Armour
  6401 | D:8      | Found a glowing golden altar of the Shining One.
  6886 | D:8      | Found Juyxorr's Jewellery Emporium.
  6889 | D:8      | Bought the ring "Risiari" {*Contam rPois Str+4 Dex+7} for
                  | 534 gold pieces
  7217 | D:9      | Reached XP level 11. HP: 75/78 MP: 11/11
  7314 | D:9      | Noticed a deep elf mage
  7327 | D:9      | Killed a deep elf mage
  7327 | D:9      | Reached skill level 16 in Slings
  7342 | D:9      | Found a hide-covered altar of Uskayaw.
  7344 | D:9      | Found a bloodstained altar of Trog.
  7348 | D:9      | Found a shadowy altar of Dithmenos.
  7350 | D:9      | Found a snail-covered altar of Cheibriados.
  7350 | D:9      | Found a radiant altar of Vehumet.
  7428 | D:9      | Found a runed translucent gate.
  7428 | D:9      | Found a runed translucent gate.
  7428 | D:9      | Found a runed translucent gate.
  7429 | D:9      | Noticed beigtais's ghost (novice DsWz)
  7544 | D:9      | Found a basalt altar of Yredelemnul.
  8519 | D:9      | Killed beigtais's ghost
  8580 | D:10     | Entered Level 10 of the Dungeon
  8580 | D:10     | Found a portal to a secret trove of treasure.
  8646 | D:10     | Noticed Snorg
  8669 | D:10     | HP: 3/81 [Snorg (17)]
  8674 | D:10     | Killed Snorg
  9009 | D:10     | Found a staircase to the Orcish Mines.
  9108 | D:10     | Reached skill level 10 in Fighting
  9212 | D:10     | Noticed Nergalle
  9238 | D:10     | Killed Nergalle
  9847 | D:10     | Noticed a two-headed ogre
  9859 | D:10     | Killed a two-headed ogre
  9859 | D:10     | Reached XP level 12. HP: 88/88 MP: 12/12
  9861 | D:10     | Reached skill level 17 in Slings
  9950 | D:10     | Noticed Joseph
  9958 | D:10     | Killed Joseph
  9984 | D:10     | Noticed an unseen horror
  9995 | D:10     | Killed an unseen horror
 10305 | D:11     | Noticed Psyche
 10322 | D:11     | Killed Psyche
 10446 | D:11     | Reached skill level 1 in Staves
 10668 | D:11     | Noticed an unseen horror
 10678 | D:11     | Killed an unseen horror
 10678 | D:11     | Reached skill level 1 in Spellcasting
 10750 | D:11     | Found a staircase to the Lair.
 10989 | Lair:1   | Entered Level 1 of the Lair of Beasts
 11043 | Lair:1   | Found a runed translucent gate.
 11043 | Lair:1   | Found a runed translucent gate.
 11043 | Lair:1   | Found a runed translucent gate.
 11046 | Lair:1   | Noticed Frank's ghost (journeyman OpFi)
 11046 | Lair:1   | Noticed a nine-headed hydra
 11046 | Lair:1   | Noticed a ten-headed hydra
 12212 | Lair:1   | Got a shimmering dagger
 12226 | Lair:1   | Identified the cursed +3 dagger of Action {antimagic,
                  | Str+4} (You found it on level 1 of the Lair of Beasts)
 12405 | Lair:1   | HP: 4/90 [ten-headed hydra (8)]
 12406 | Lair:1   | HP: 1/90 [nine-headed hydra (10)]
 12406 | Lair:1   | Slain by Frank's ghost

Skill      XL: |  1  2  3  4  5  6  7  8  9 10 11 12 |
---------------+-------------------------------------+-----
Slings         | 6 7 8 9 11 12 14 15 16 17 | 17.2
Fighting       | 2 3 4 6 8 10 11 | 11.2
Armour         | 2 3 4 5 7 8 |  8.3
Stealth        | 2 |  2.2
Dodging        | 3 4 |  4.7
Staves         | 2 |  2.4
Spellcasting   | 1 |  1.5
Short Blades   | |  0.6

Action                   |  1- 3 |  4- 6 |  7- 9 | 10-12 || total
-------------------------+-------+-------+-------+-------++-------
Melee: Short sword       |     8 |    29 |       |       ||    37
 Fire: Hunting sling     |   110 |   188 |   388 |   965 ||  1651
Invok: Potion Petition   |       |       |       |     1 ||     1
  Use: Scroll            |       |     9 |     9 |    13 ||    31
       Potion            |       |       |       |     9 ||     9
 Stab: Sleeping          |       |     1 |       |       ||     1
  Eat: Chunk             |       |    13 |       |       ||    13
       Ration            |       |       |       |     6 ||     6
Armor: Leather armour    |     6 |     3 |       |       ||     9
       Scale mail        |       |     9 |    38 |   111 ||   158
       Skin              |       |       |       |    44 ||    44
Dodge: Dodged            |    31 |    46 |    72 |   304 ||   453
